 Dungeon Crawl Stone Soup version 0.6.0-rc4 character file.

5062319 clouded the Archmage (level 27, 174/174 (179) HPs)
             Began as a Sludge Elf Air Elementalist on Mar 17, 2010.
             Was the Champion of Sif Muna.
             Escaped with the Orb
             ... and 13 runes (of 11 types) on Mar 23, 2010!
             The game lasted 17:27:57 (212884 turns).

clouded the Archmage (SEAE)                       Turns: 212884, Time: 17:27:57

HP 174/174 (179) AC 19     Str 12 (13) Exp: 27/3525777 (4)
MP  36/49        EV 34     Int 26      God: Sif Muna [******]
Gold 9155        SH  0     Dex 15      Spells: 19 memorised,  3 levels left

Res.Fire  : + . .   See Invis. : +     - Unarmed
Res.Cold  : + + +   Warding    : .   O - +7 robe {rC+ rF+}
Life Prot.: + + +   Conserve   : .   (no shield)
Res.Poison: +       Res.Corr.  : .   r - +6 helmet of Arruaru {Dam+2}
Res.Elec. : +       Clarity    : .   t - -5 cloak of the Gate {Int-1 Dam+4} Spirit.Shd: .
                                     e - -3 pair of gloves of Muges {EV+3 Dam+4}
Sust.Abil.: .       Rnd.Telep. : .   (boots currently unavailable)
Res.Mut.  : +       Ctrl.Telep.: +   k - amulet of Boass {rMut +Blink +Rage rElec M Res.Rott. : + Levitation : + c - ring "Tovolipp" {Wiz rC+ EV+7} Saprovore : . . . Ctrl.Flight: + D - ring "Votaic" {Dam+2 SInv}

@: repel missiles, flying, slightly glowing, very quick, swift, uncannily
resistant to hostile enchantments, very stealthy


You are in lich-form.
A: herbivore 1, regeneration 1, mutation resistance 1, talons, AC +3, Dex -1 a: End Transformation, Channel Energy, Forget Spell, Renounce Religion, Evoke Blink, Evoke Berserk Rage You escaped.
You worshipped Sif Muna.
Sif Muna was exalted by your worship.
You were completely stuffed.
You were in lich-form.
You visited 15 branches of the dungeon, and saw 88 of its levels.
You visited Pandemonium 4 times, and saw 20 of its levels.
You visited the Abyss 8 times.
You visited 3 bazaars.
You visited 1 Ziggurat, and saw 27 of its levels.
You visited 2 portal chambers: volcano, trove.

You collected 18648 gold pieces.
You spent 4033 gold pieces at shops.
You used 5480 gold pieces for miscellaneous purposes.

Inventory:

Hand weapons
 h - the +6,+6 Sword of Cerebov {flame}
   (You took it off Cerebov in Pandemonium)

   It emits flame when wielded, causing extra injury to most foes and up to
   double damage against particularly susceptible opponents.
   Big, fiery blades are also staple armaments of hydra-hunters.
 i - the cursed +10,+6 dagger of Purpose {drain, rElec rF+ Int+2 SInv, =f}
   (You found it on level 11 of the Dungeon)

   A truly terrible weapon, it drains the life of those it strikes.
   It affects your intelligence (+2).
   It protects you from fire.
   It insulates you from electricity.
   It enhances your eyesight.
   It has a curse placed upon it.
 V - a cursed +2,+4 katana of distortion {!w}
Armour
 e - the -3 pair of gloves of Muges (worn) {EV+3 Dam+4}
   (You bought it in a shop in a bazaar)

   It affects your evasion (+3).
   It affects your damage-dealing abilities (+4).
 r - the +6 helmet of Arruaru (worn) {Dam+2}
   (You found it on level 25 of a ziggurat)

   It affects your damage-dealing abilities (+2).
 t - the -5 cloak of the Gate (worn) {Int-1 Dam+4}
   (You found it on level 7 of the Elven Halls)

   It affects your intelligence (-1).
   It affects your damage-dealing abilities (+4).
 O - a +7 robe of resistance (worn)
Magical devices
 l - a wand of healing (9)
 J - a wand of teleportation (7)
 L - a wand of healing (6) {!V}
 Z - a wand of hasting (5)
Scrolls
 m - 6 scrolls of recharging
 n - 20 scrolls of teleportation
 z - 10 scrolls of blinking
Jewellery
 c - the ring "Tovolipp" (right hand) {Wiz rC+ EV+7}
   (You found it on level 2 of the Hive)

   [ring of wizardry]

   It affects your evasion (+7).
   It protects you from cold.
 f - the ring of Daffodils {Hunger +Inv rElec rF+ rC+}
   (You found it on level 23 of the Dungeon)

   [ring of invisibility]

   It protects you from fire.
   It protects you from cold.
   It insulates you from electricity.
   It speeds your metabolism.
 g - the ring of Vimium
   (You found it on level 27 of a ziggurat)

   [ring of evasion]

   It affects your evasion (+4).
   It affects your strength (+4).
 j - the ring of Ufuaxei
   (You found it on level 21 of a ziggurat)

   [ring of strength]

   It affects your strength (+4).
   It affects your intelligence (-1).
   It makes you vulnerable to fire.
   It protects you from cold.
   It lets you turn invisible.
 k - the amulet of Boass (around neck) {rMut +Blink +Rage rElec MR}
   (You found it in Pandemonium)

   [amulet of resist mutation]

   It insulates you from electricity.
   It increases your resistance to enchantments.
   It lets you blink.
   It lets you go berserk.
 o - the cursed amulet of Ynichav {Cons Int+2}
   (You found it on level 15 of a ziggurat)

   [amulet of conservation]

   It affects your intelligence (+2).
   It has a curse placed upon it.
 p - the ring "Lifask" {AC+7 EV+3 SInv}
   (You found it on level 16 of a ziggurat)

   [ring of see invisible]

   It affects your AC (+7).
   It affects your evasion (+3).
 s - a cursed ring of regeneration
 w - a cursed ring of see invisible
 A - the cursed necklace of Bloodlust
   (You found it on level 22 of a ziggurat)

   [amulet of rage]

   It affects your strength (+2).
   It affects your intelligence (-2).
   It affects your damage-dealing abilities (+3).
   It increases your resistance to enchantments.
   It makes you angry.
   It may recurse itself.
   It makes you less stealthy.
   It has a curse placed upon it.
 B - the ring "Plog"
   (You found it on level 22 of a ziggurat)

   [ring of protection from magic]

   It affects your intelligence (-1).
   It affects your dexterity (+3).
   It affects your damage-dealing abilities (+2).
 D - the ring "Votaic" (left hand) {Dam+2 SInv}
   (You found it on level 17 of a ziggurat)

   [ring of see invisible]

   It affects your damage-dealing abilities (+2).
 E - the ring of Iveple {cTele EV+4 Int+2 Acc+2}
   (You found it on level 18 of a ziggurat)

   [ring of teleport control]

   It affects your evasion (+4).
   It affects your intelligence (+2).
   It affects your accuracy (+2).
 F - a cursed +0,+4 ring of slaying
 G - the cursed ring "Sioguyp" {rC+ AC+4 Int+6}
   (You found it on level 1 of the Tomb of the Ancients)

   [ring of intelligence]

   It affects your intelligence (+6).
   It affects your AC (+4).
   It protects you from cold.
   It has a curse placed upon it.
 I - the cursed amulet of Staim {Stasis Dam+2}
   (You found it in Pandemonium)

   [amulet of stasis]

   It affects your damage-dealing abilities (+2).
   It has a curse placed upon it.
 K - the cursed ring "Cetaupti" {-TELE Hunger rF+ rC+ Dam-2}
   (You acquired it on level 6 of the Elven Halls)

   [ring of hunger]

   It affects your damage-dealing abilities (-2).
   It protects you from fire.
   It protects you from cold.
   It prevents most forms of teleportation.
   It has a curse placed upon it.
 P - the ring of Dunut
   (You found it on level 23 of a ziggurat)

   [ring of slaying]

   It affects your damage-dealing abilities (+4).
   It affects your AC (-3).
   It affects your dexterity (+1).
   It may recurse itself.
 R - the cursed amulet of Ofuon {rMut Dam+3}
   (You found it on level 19 of a ziggurat)

   [amulet of resist mutation]

   It affects your damage-dealing abilities (+3).
   It has a curse placed upon it.
 T - a cursed amulet of resist corrosion
 U - the ring of Untruth
   (You found it on level 23 of a ziggurat)

   [ring of see invisible]

   It affects your evasion (+4).
   It affects your strength (+2).
 W - the ring "Saor"
   (You found it on level 25 of a ziggurat)

   [ring of protection from cold]

   It affects your intelligence (-1).
   It protects you from negative energy.
   It increases your resistance to enchantments.
 Y - the ring of Levity
   (You found it on level 27 of a ziggurat)

   [ring of magical power]

   It affects your strength (-1).
   It affects your damage-dealing abilities (+4).
Magical staves
 a - a staff of wizardry
Orbs of Power
 b - the Orb of Zot
Miscellaneous
 d - a barnacled rune of Zot
 q - 3 demonic runes of Zot
 u - a fiery rune of Zot
 v - a dark rune of Zot
 x - a glowing rune of Zot
 y - an abyssal rune of Zot
 C - a slimy rune of Zot
 H - a silver rune of Zot
 M - a golden rune of Zot
 N - the horn of Geryon
 Q - a serpentine rune of Zot
 S - a magical rune of Zot You had 4 experience left.


   Skills:
 + Level 14 Fighting
 - Level 2 Staves
 - Level 1 Throwing
 + Level 2 Armour
 + Level 17 Dodging
 - Level 10 Stealth
 - Level 3 Stabbing
 + Level 4 Traps & Doors
 - Level 19 Unarmed Combat
 * Level 27 Spellcasting
 + Level 22 Conjurations
 + Level 16 Enchantments
 - Level 5 Summonings
 - Level 19 Necromancy
 + Level 5 Translocations
 + Level 14 Transmutations
 + Level 24 Ice Magic
 + Level 19 Air Magic
 - Level 1 Poison Magic
 + Level 25 Invocations
 + Level 1 Evocations


You had 3 spell levels left.
You knew the following spells:

 Your Spells              Type           Power        Success   Level
a - Chain Lightning       Air/Conj       ########..   Excellent   8
b - Extension             Ench           ########..   Excellent   5
c - Dispel Undead         Necr           #########    Perfect     4
d - Airstrike             Air            ########..   Perfect     4
f - Ozocubu's Armour      Ice/Ench       ########..   Perfect     3
g - Throw Frost           Ice/Conj       #######      Perfect     2
h - Teleport Self         Tloc           N/A          Excellent   5
i - Flight                Air/Ench       ########..   Perfect     4
j - Abjuration            Summ           #######...   Excellent   3
k - Necromutation         Trmt/Necr      #########.   Excellent   8
l - Control Teleport      Ench/Tloc      #######...   Excellent   4
o - Repel Missiles        Air/Ench       ########..   Perfect     2
p - Apportation           Tloc           #######...   Excellent   1
s - Swiftness             Air/Ench       ########..   Perfect     2
u - Summon Butterflies    Summ           #######...   Excellent   1
A - Haste                 Ench           ########..   Excellent   6
B - Blink                 Tloc           N/A          Excellent   2
E - Ice Storm             Ice/Conj       #########.   Great       9
L - Selective Amnesia     Ench           N/A          Perfect     4

Dungeon Overview and Level Annotations

Branches:
Dungeon (27/27)            Temple (1/1) D:4             Orc (4/4) D:9
    Elf (7/7) Orc:3          Lair (8/8) D:13         Shoals (5/5) Lair:4
  Slime (6/6) Lair:6        Snake (5/5) Lair:3         Hive (2/2) D:16
  Vault (8/8) D:16          Blade (1/1) Vault:4       Crypt (5/5) Vault:3
   Tomb (3/3) Crypt:2         Dis (0/7) Hell            Geh (0/7) Hell
    Coc (0/7) Hell            Tar (0/7) Hell            Zot (5/5) D:27

Altars:
Cheibriados
Elyvilon
Fedhas
Kikubaaqudgha
Nemelex Xobeh
Okawaru
Sif Muna
The Shining One
Trog
Vehumet
Xom
Yredelemnul
Zin
Beogh
Jiyva

Shops:
D:12: ! D:18: [ D:22: !(! D:26: [ Elf:2: = Elf:4: * Elf:6: =*? Shoals:5: = Snake:1: ! Vault:3: + Vault:7: +

Portals:
Hell: D:16 D:21 D:22 D:23 D:24 D:25 D:26 D:27
Abyss: D:22 D:24 D:25 D:26
Pan: D:24

Annotations
D:7 iron devil, exclusions: iron devil and 7 more exclusions
D:8 stash
D:12 unseen horror, 1 exclusion
D:15 exclusion: mummy
D:22 exclusion: downstairs
D:24 exclusion: upstairs
D:26 3 exclusions
Orc:3 1 exclusion
Elf:7 2 exclusions
Lair:1 exclusions: door and 3 more exclusions
Lair:4 exclusion: 3 doors
Lair:8 exclusion: oklob plant
Vault:3 exclusion: Roxanne
Crypt:3 exclusion: mummy
Crypt:5 exclusions: 3 doors and mummy
Zot:5 1 exclusion


Innate Abilities, Weirdness & Mutations

You are protected by plates of bone (AC +2, Dex -1).
You digest meat inefficiently.
Your natural rate of healing is unusually fast.
You are somewhat resistant to further mutation.
You have talons in place of feet.
You are partially covered in black scales (AC +1).


Message History

h - the Sword of Cerebov {flame, was cursed}
C - a slimy rune of Zot;
H - a silver rune of Zot;
Q - a serpentine rune of Zot Cast which spell? (? or * to list)
You feel more buoyant.
There is a stone staircase leading up here.
Are you sure you want to leave the Dungeon?
You have escaped!

#........# ############# #
#........###...#.......# #
#........##..#.#[#####.# #
#...)....##..#.#...#.#.# #
#.........#..#.###.#.#.# #
#............#.....#.#.# #
#...........<#..####.#.#
########...%##.#...#.#.#
#..".L..#.#.#.#.######
#.....+.#.#.#.#.......
#....<#.#.#.#.########
#...#.#.#.#.#.'.#
#####...#.#.###.#.#.#
#.......#.#.#.....#.#
#####
#.......#.#...#####.#
....#
#.......#...#.......#
....#
#.......##################


There were no monsters in sight!

Vanquished Creatures
  Cerebov (Pan)
  Gloorx Vloq (Pan)
  the royal jelly (Slime:6)
  13 ancient liches
  Mnoleg (Pan)
  4 orbs of fire
  Lom Lobon (Pan)
  The ghost of polystyrus the Spry, a legendary KeAE of Nemelex Xobeh (Slime:6)
  Saint Roka (Snake:5)
  Boris (twice) (D:23 Shoals:3)
  5 curse toes
  26 greater mummies
  10 demon lords
  Mara (D:18)
  Geryon (D:21)
  Norris (D:18)
  2 Killer Klowns (Zot:5)
  5 electric golems
  Xtahua (D:24)
  Frederick (Crypt:2)
  54 acid blobs
  5 Fiends (Pan)
  7 curse skulls
  12 deep elf blademasters
  8 shadow dragons
  Kirke (Elf:7)
  7 golden dragons
  A Daeva (Port)
  2 titans (Vault:8)
  Agnes (Elf:1)
  11 sphinxes
  Rupert (Shoals:1)
  5 Shadow Fiends (Pan)
  9 draconian knights
  Frances (Crypt:4)
  10 draconian monks
  Duane (D:24)
  23 Orb Guardians (Zot:5)
  18 Balrugs
  Francis (Elf:6)
  19 storm dragons
  6 liches
  Aizul (Snake:2)
  4 Ice Fiends (Pan)
  22 Executioners
  Donald (Snake:5)
  An orc warlord (Orc:4)
  2 frost giants
  5 draconian scorchers
  24 skeletal dragons
  19 tentacled monstrosities
  6 draconian annihilators
  The ghost of Kogan the Brawler, a powerful TrHu of Trog (Snake:4)
  4 quicksilver dragon zombies
  8 fire giants
  11 draconian shifters
  7 draconian zealots
  34 stone giants
  18 azure jellies
  7 Pit Fiends
  4 quicksilver dragon skeletons
  14 Blue Deaths
  7 Green Deaths
  19 deep elf annihilators
  3 deep elf death magi (Elf:7)
  9 draconian callers
  8 green draconians
  3 greater nagas (Snake:5)
  12 black draconians
  10 deep elf sorcerers
  9 purple draconians
  10 deep elf master archers
  10 red draconians
  3 white draconians
  11 yellow draconians
  10 pale draconians
  4 titan zombies
  11 Cacodemons
  37 yaktaur captains
  The ghost of
  78291 the Cleaver, a powerful DSBe of Trog (Lair:7)
  A vampire knight (Crypt:5)
  A great orb of eyes (shapeshifter) (D:18)
  15 dancing weapons
  Norbert (D:10)
  10 mottled draconians
  A titan skeleton (Crypt:5)
  9 dragons
  23 vault guards (Vault:8)
  4 sirens
  A storm dragon zombie (Vault:6)
  35 mummy priests
  3 anaconda zombies
  4 merfolk aquamancers
  12 death cobs
  2 storm dragon skeletons
  11 great orbs of eyes
  22 death oozes
  A dragon (shapeshifter) (Vault:8)
  A golden dragon zombie (Port)
  Wayne (Crypt:4)
  12 ogre magi
  Harold (D:10)
  8 ice dragons
  10 hydras
  2 merfolk javelineers
  3 golden dragon skeletons
  An anaconda (shapeshifter) (Vault:8)
  Nessos (Elf:5)
  A shadow dragon zombie (Port)
  An alligator snapping turtle (Shoals:5)
  22 deep elf demonologists
  Nergalle (D:18)
  5 anaconda skeletons
  A quicksilver dragon simulacrum (Port)
  9 rakshasas
  3 deep elf high priests
  5 hell hogs (Port)
  An orc high priest (Vault:7)
  3 iron dragon zombies
  7 stone giant zombies
  6 merfolk impalers
  4 shadow dragon skeletons
  11 deep trolls
  15 very ugly things
  18 centaur warriors
  7 death yaks (Lair:8)
  5 sun demons
  A fire giant zombie (Port)
  A griffon (shapeshifter) (D:16)
  3 frost giant skeletons
  2 frost giant zombies (Port)
  11 stone giant skeletons
  3 iron golems
  5 death drakes
  7 soul eaters
  3 fire giant skeletons
  2 shadow wraiths
  A giant orange brain (shapeshifter) (Vault:1)
  45 deep elf knights
  Erolcha (D:9)
  9 ice devils
  5 purple draconian zombies
  209 skeletal warriors
  10 giant orange brains
  8 sea snakes
  3 pale draconian zombies (Port)
  2 iron trolls
  2 green draconian zombies
  2 yellow draconian zombies (Port)
  3 mottled draconian zombies
  3 white draconian zombies
  20 naga warriors
  A death yak zombie (Abyss)
  13 flayed ghosts
  5 black draconian zombies
  3 necromancers
  3 red draconian zombies
  5 sea snake zombies
  5 griffons
  17 hell knights
  12 alligator snapping turtle skeletons
  28 orc knights
  11 wizards
  14 unseen horrors
  2 ice statues (Zot:5)
  A lindwurm (Port)
  14 harpies
  A vampire mage (Crypt:4)
  A lindwurm (shapeshifter) (D:27)
  Pikel (D:9)
  An anaconda simulacrum (Tomb:2)
  A harpy zombie (Vault:2)
  2 iron troll zombies
  A hill giant (shapeshifter) (Vault:8)
  79 giant amoebae
  3 iron troll skeletons
  3 sea snake skeletons
  17 cyclopes
  2 death yak skeletons
  A death drake zombie (Port)
  6 guardian serpents
  5 hydra zombies
  A red wasp (Vault:7)
  12 hill giants
  3 siren zombies
  9 flaming corpses
  8 orc sorcerers
  2 minotaur zombies
  10 spectral warriors
  2 minotaur skeletons (Port)
  34 shining eyes
  5 guardian serpent zombies
  18 hellions
  An oklob plant (Port)
  A harpy (shapeshifter) (Vault:7)
  6 spiny worms
  4 Lorocyprocas (Abyss)
  2 stone golems
  A shadow dragon simulacrum (Abyss)
  2 dragon zombies
  A harpy skeleton (Crypt:3)
  A mimic (D:16)
  6 siren skeletons
  2 red wasp zombies (D:21)
  A stone giant simulacrum (Abyss)
  An alligator zombie (Crypt:2)
  2 giant toad zombies
  36 yaktaurs
  2 elephant slugs
  2 hydra skeletons (Abyss)
  A wolf spider (D:20)
  An ice dragon zombie (Vault:4)
  Maurice (D:9)
  35 moths of wrath
  A yaktaur (shapeshifter) (Port)
  6 spiny worm zombies
  3 griffon zombies
  2 eyes of devastation (shapeshifter) (Vault:8)
  103 orange demons
  A black mamba (shapeshifter) (Vault:4)
  17 black mambas
  2 wolf spiders (shapeshifter)
  105 large large abominations
  A queen ant (shapeshifter) (D:27)
  A dragon skeleton (Abyss)
  12 spiny frogs
  35 reapers
  2 alligator skeletons (Port)
  15 eyes of devastation
  83 hellwings
  A trapdoor spider (D:16)
  180 slime creatures
  A mermaid (shapeshifter) (Hell)
  3 queen ant zombies
  32 tormentors
  8 komodo dragons
  128 guardian mummies
  2 griffon skeletons
  4 rock trolls
  9 efreeti
  3 hill giant zombies
  5 hill giant skeletons
  8 mermaids
  17 naga magi
  27 iron devils
  A komodo dragon (shapeshifter) (Vault:7)
  121 smoke demons
  101 ugly things
  3 rock troll zombies
  12 trolls
  A polar bear (shapeshifter) (Vault:4)
  5 deep troll zombies
  An ettin (D:15)
  2 snapping turtle zombies (Port)
  15 sixfirhies
  3 giant snail zombies
  A hydra simulacrum (Abyss)
  A troll (shapeshifter) (D:19)
  24 blink frogs
  9 deep troll skeletons
  A siren simulacrum (Abyss)
  16 snapping turtles
  An ettin (shapeshifter) (Elf:4)
  A queen bee (Hive:2)
  9 rock troll skeletons
  18 giant toads
  13 two-headed ogres
  A blink frog (shapeshifter) (Vault:5)
  12 demonic crawlers
  19 blue devils
  A spiny frog skeleton (D:26)
  62 brown oozes
  5 redback zombies (D:21)
  14 vampires
  A swamp dragon zombie (Port)
  A bumblebee (Port)
  39 deep elf conjurers
  6 shadow demons
  6 wyverns
  3 elf zombies
  9 snapping turtle skeletons
  2 toenail golems (Abyss)
  3 chaos spawns
  A merfolk zombie (Port)
  79 yaks
  An elf skeleton (D:26)
  A spiny worm simulacrum (Abyss)
  9 vipers
  38 wraiths
  47 ynoxinuls
  5 blink frog skeletons
  A lindwurm skeleton (Port)
  50 merfolk
  5 merfolk skeletons
  A merfolk (shapeshifter) (D:26)
  3 wood golems (Abyss)
  3 giant blowfly zombies
  A golden eye (shapeshifter) (D:22)
  16 hippogriffs
  31 deep elf summoners
  22 golden eyes
  4 swamp dragon skeletons
  A hippogriff (shapeshifter) (D:20)
  Grum (D:13)
  97 neqoxecs
  A bear (Lair:5)
  2 clay golems
  3 giant blowflies
  A hill giant simulacrum (Crypt:3)
  39 deep elf fighters
  A hog (Elf:7)
  A hog skeleton (Crypt:2)
  2 elves (shapeshifter)
  17 manticores
  12 war dogs
  9 fire drakes
  10 hungry ghosts
  7 ghouls
  2 cyclops zombies
  A yaktaur zombie (D:15)
  A giant slug (shapeshifter) (Vault:8)
  A giant slug zombie (Abyss)
  5 mottled dragons
  2 wyvern zombies
  4 manticore zombies
  An orange crystal statue (D:26)
  37 necrophages
  6 hairy devils
  13 hell hounds
  47 orc warriors
  67 ogres
  5 yaktaur skeletons
  13 freezing wraiths
  25 insubstantial wisps
  7 yellow wasps
  3 giant goldfish
  A snapping turtle simulacrum (Tomb:3)
  A merfolk simulacrum (Port)
  20 deep elf priests
  16 phantoms
  7 wyvern skeletons
  2 queen bee zombies
  8 ice beasts
  19 red devils
  5 bumblebee zombies (D:21)
  86 nagas
  4 slaves
  95 small abominations
  3 manticore skeletons
  37 centaurs
  A centaur (shapeshifter) (Vault:8)
  2 yak skeletons
  A cyclops skeleton (D:26)
  An ogre (shapeshifter) (Vault:8)
  A lava worm (D:16)
  2 swamp drakes
  5 boring beetles
  6 beasts
  A hippogriff skeleton (Crypt:1)
  48 deep elf magi
  A polar bear skeleton (Crypt:3)
  9 wargs
  8 gila monsters
  8 rotting devils
  21 giant frogs
  35 water moccasins
  8 crocodiles
  5 brain worms
  10 giant slugs
  7 big kobolds
  A silver statue (Lair:2)
  2 earth elementals (Abyss)
  A soldier ant zombie (D:21)
  A yellow wasp zombie (D:21)
  5 giant frog skeletons
  A giant frog zombie (D:14)
  A centaur skeleton (Crypt:3)
  9 giant snails
  A water moccasin zombie (Crypt:4)
  4 draconian skeletons
  A giant leech (shapeshifter) (D:18)
  3 warg skeletons
  3 water moccasin skeletons
  38 eyes of draining
  An elf (Lair:1)
  A jellyfish (D:14)
  30 wights
  A giant leech zombie (Crypt:3)
  120 killer bees
  A lava fish (Hell)
  2 boulder beetles
  2 mottled dragon zombies
  2 gila monster zombies
  2 brain worm zombies
  59 imps
  2 ogre zombies
  5 pulsating lumps (Port)
  10 electric eels
  4 big kobold skeletons
  2 dwarf skeletons (Crypt:5)
  2 giant beetles (D:12)
  12 hounds
  6 lava snakes
  26 shadows
  2 quasits
  18 orc priests
  13 giant ants
  A naga zombie (Crypt:2)
  14 big fish
  6 hound skeletons
  10 iguanas
  27 orc wizards
  10 scorpions
  68 deep elf soldiers
  A naga skeleton (Crypt:4)
  A sheep (shapeshifter) (Vault:8)
  4 orange rats (Port)
  27 sheep
  A worm zombie (D:13)
  2 fire vortices (Pan)
  79 jellies
  25 mummies (Port)
  6 boggarts
  61 flying skulls
  8 gnolls
  115 lemures
  113 manes
  A giant centipede zombie (D:21)
  An iguana zombie (D:15)
  101 midges
  2 sheep zombies (D:15)
  35 snakes
  4 human zombies
  3 iguana skeletons
  19 shadow imps
  4 giant centipedes
  A sheep skeleton (Crypt:4)
  81 white imps
  48 green rats
  12 worms
  A giant mite (D:2)
  160 ufetubi
  A scorpion simulacrum (Tomb:1)
  Terence (D:3)
  76 grey rats
  26 giant eyeballs
  A green rat zombie (Crypt:5)
  10 giant geckos
  A giant gecko (shapeshifter) (Vault:8)
  A gnoll skeleton (D:20)
  A gnoll zombie (Crypt:4)
  2 human skeletons
  23 oozes
  10 giant cockroaches
  22 goblins
  28 hobgoblins
  37 jackals
  199 orcs
  13 quokkas
  39 giant bats
  A giant gecko skeleton (D:26)
  A giant gecko zombie (D:7)
  A giant mosquito simulacrum (Tomb:3)
  12 giant newts
  A giant newt skeleton (Crypt:2)
  2 giant spores
  A goblin zombie (D:15)
  A hobgoblin skeleton (Vault:3)
  2 hobgoblin zombies
  7 illusory rakshasas (D:20)
  A jackal skeleton (Crypt:5)
  A jackal zombie (D:21)
  46 killer bee larvae
  58 kobolds
  A kobold simulacrum (Crypt:3)
  2 orc skeletons
  12 orc zombies
  2 quokka skeletons
  A rat (shapeshifter) (Vault:4)
  33 rats
  A rat simulacrum (Crypt:1)
  5 rat skeletons
  2 small snakes
  4 ballistomycetes
  7 fungi
  3 plants
  73 toadstools
6629 creatures vanquished.

Vanquished Creatures (collateral kills)
  A ball lightning (Slime:1)
  A queen bee (Lair:3)
  A blink frog (Lair:2)
  A giant toad (Lair:1)
  A brown ooze (Slime:2)
  5 yaks
  A giant goldfish (Lair:1)
  2 centaurs
  A hound (Lair:1)
  11 killer bees (Lair:3)
  An iguana (Lair:2)
  25 mummies
  A snake (Lair:1)
  2 grey rats (Lair:3)
  A jackal (Lair:1)
  2 killer bee larvae (Lair:3)
  A plant (Lair:2)
  A toadstool (Lair:2)
59 creatures vanquished.

Vanquished Creatures (others)
  15 ball lightnings
  A naga warrior (Snake:2)
  A cyclops (shapeshifter) (Hell)
  A hellwing (Pan)
  9 slime creatures
  A yaktaur (D:26)
  A large large abomination (Pan)
  A vampire (Tomb:2)
  A deep elf conjurer (Elf:2)
  3 small abominations
  A ynoxinul (Pan)
  A cyclops zombie (Tomb:2)
  A yak skeleton (Tomb:3)
  5 killer bees (Lair:3)
  A sheep (D:16)
  16 mummies
  A giant ant simulacrum (Tomb:2)
  2 manes (Pan)
  4 green rats
  4 snakes
  A flying skull (Zot:5)
  A midge (Pan)
  An ufetubus (Abyss)
  17 grey rats
  A goblin (Orc:1)
  4 orcs
  10 quokkas
  13 giant bats
  A giant gecko skeleton (D:23)
  2 giant newts
  An illusory rakshasa (D:20)
  6 killer bee larvae (Hive:2)
  An orc skeleton (Tomb:2)
  13 rats
  13 fungi
  12 plants
  484 toadstools
651 creatures vanquished.

Grand Total: 7339 creatures vanquished

Notes
Turn   | Place    | Note
--------------------------------------------------------------
     0 | D:1      | clouded, the Sludge Elf Air Elementalist, began the quest for the Orb.
     0 | D:1      | Reached XP level 1. HP: 10/10 MP: 3/3
   132 | D:1      | Reached skill 1 in Conjurations
   623 | D:1      | Reached XP level 2. HP: 14/14 MP: 3/5
  1060 | D:1      | Reached skill 4 in Air Magic
  1225 | D:1      | Reached XP level 3. HP: 18/20 MP: 4/7
  1779 | D:1      | Learned a level 2 spell: Swiftness
  1783 | D:1      | Learned a level 3 spell: Mephitic Cloud
  3026 | D:3      | Noticed Terence
  3134 | D:2      | Reached XP level 4. HP: 19/24 MP: 6/9
  3730 | D:2      | Noticed an orc warrior
  4212 | D:3      | Reached skill 1 in Unarmed Combat
  4492 | D:3      | Defeated Terence
  4951 | D:3      | Reached XP level 5. HP: 29/29 MP: 8/10
  4969 | D:3      | Reached skill 5 in Air Magic
  5422 | D:3      | Learned a level 2 spell: Repel Missiles
  5641 | D:3      | Reached skill 1 in Enchantments
  6367 | D:3      | Reached XP level 6. HP: 22/34 MP: 6/13
  6833 | D:4      | Found a staircase to the Ecumenical Temple.
  6918 | Temple   | Entered the Ecumenical Temple
  6979 | Temple   | Became a worshipper of Sif Muna the Loreminder
  7565 | D:5      | Entered Level 5 of the Dungeon
  7588 | D:5      | Reached skill 1 in Throwing
  7599 | D:5      | Reached skill 6 in Air Magic
  7659 | D:5      | Reached skill 5 in Dodging
  7782 | D:5      | Reached XP level 7. HP: 34/39 MP: 10/16
  8066 | D:5      | Reached skill 1 in Stabbing
  8233 | D:5      | Reached skill 1 in Fighting
  9134 | D:6      | Found an iron altar of Okawaru.
 10167 | D:6      | Reached XP level 8. HP: 15/44 MP: 16/19
 10195 | D:6      | Got an ancient banded mail
 10384 | D:6      | Acquired Sif Muna's first power
 11080 | D:6      | Gained mutation: You are partially covered in iridescent scales (AC +1).
 11080 | D:6      | Gained mutation: You occasionally shout uncontrollably.
 11080 | D:6      | Gained mutation: Your vision is a little blurry.
 11081 | D:6      | Lost mutation: Your vision is a little blurry.
 11081 | D:6      | Lost mutation: You occasionally shout uncontrollably.
 12476 | D:8      | Reached skill 5 in Unarmed Combat
 13202 | D:8      | Reached skill 7 in Air Magic
 13209 | D:8      | Learned a level 4 spell: Airstrike
 13405 | D:8      | Reached skill 5 in Spellcasting
 13777 | D:9      | Reached XP level 9. HP: 49/52 MP: 20/21
 14307 | D:9      | Acquired Sif Muna's second power
 14666 | D:9      | Reached skill 8 in Air Magic
 15054 | D:9      | Noticed Pikel
 15453 | D:9      | Found a staircase to the Orcish Mines.
 15474 | D:9      | Reached skill 1 in Invocations
 15485 | D:9      | Noticed Erolcha
 15578 | D:9      | Defeated Pikel
 15758 | D:9      | Reached skill 9 in Air Magic
 16328 | D:9      | Noticed Maurice
 16329 | D:9      | Reached skill 1 in Poison Magic
 16344 | D:9      | Defeated Maurice
 16344 | D:9      | Reached XP level 10. HP: 59/59 MP: 9/24
 16527 | D:9      | Reached skill 10 in Air Magic
 16539 | D:9      | Reached skill 5 in Invocations
 16780 | D:10     | Entered Level 10 of the Dungeon
 16795 | D:10     | Noticed Harold
 17228 | D:10     | Learned a level 2 spell: Blink
 17456 | D:10     | Defeated Harold
 17457 | D:10     | Noticed Norbert
 17479 | D:10     | Reached skill 11 in Air Magic
 17640 | D:10     | Defeated Norbert
 17970 | D:10     | Reached skill 5 in Stealth
 18120 | D:10     | Reached skill 12 in Air Magic
 18123 | D:10     | Acquired Sif Muna's third power
 18192 | D:10     | Reached XP level 11. HP: 58/64 MP: 22/26
 18607 | D:11     | Got a twisted dagger
 19020 | D:10     | Reached skill 1 in Translocations
 20355 | D:11     | Reached skill 13 in Air Magic
 21592 | D:11     | Found a glowing golden altar of the Shining One.
 21658 | D:12     | Found Alurelyos' Distillery.
 21781 | D:12     | Bought a potion of slowing for 1 gold piece
 22219 | D:12     | Reached skill 10 in Spellcasting
 23128 | D:12     | Reached XP level 12. HP: 70/70 MP: 19/30
 23246 | D:12     | Received a gift from Sif Muna
 23247 | D:12     | Got a glistering book {god gift}
 23248 | D:12     | Identified Sif Muna's Volume of Cloudy Bewitchment {god gift} (Sif Muna gifted it to you on level 12 of the Dungeon)
 23497 | D:13     | Noticed Josephine
 23497 | D:13     | Noticed a wyvern skeleton
 23511 | D:13     | Defeated a wyvern skeleton
 23805 | D:13     | Found a staircase to the Lair.
 23818 | Lair:1   | Entered Level 1 of the Lair of Beasts
 24314 | Lair:2   | Reached skill 14 in Air Magic
 25013 | Lair:2   | Learned a level 1 spell: Apportation
 25239 | Lair:1   | You fall through a shaft!
 25242 | Lair:2   | Got an encrusted morningstar
 27036 | Lair:2   | Identified the morningstar of Termination {drain, rElec AC+6 Int+1} (You found it on level 2 of the Lair of Beasts)
 27037 | Lair:2   | Identified the dagger of Purpose {drain, rElec rF+ Int+2 SInv} (You found it on level 11 of the Dungeon)
 28280 | Lair:2   | Learned a level 2 spell: Sticks to Snakes
 28405 | Lair:3   | Found a staircase to the Snake Pit.
 28776 | Lair:3   | Reached skill 1 in Transmutations
 28776 | Lair:3   | Received a gift from Sif Muna
 28784 | Lair:3   | Got a sparkling book {god gift}
 28785 | Lair:3   | Identified Sif Muna's Book of the Exiled Lives {god gift} (Sif Muna gifted it to you on level 3 of the Lair of Beasts)
 28787 | Lair:3   | Learned a level 1 spell: Confusing Touch
 29791 | Lair:3   | You fall through a shaft!
 30437 | Lair:4   | Reached skill 1 in Summonings
 30497 | Lair:4   | Found a staircase to the Shoals.
 31285 | Lair:2   | Learned a level 4 spell: Selective Amnesia
 31291 | Lair:2   | Learned a level 5 spell: Lightning Bolt
 31516 | Lair:5   | Reached XP level 13. HP: 73/73 MP: 9/32
 31768 | Lair:5   | Got a faintly glowing falchion
 32286 | Lair:6   | Found a viscous altar of Jiyva.
 32286 | Lair:6   | Found a staircase to the Slime Pits.
 33204 | Lair:5   | Reached skill 5 in Enchantments
 33208 | Lair:5   | Reached skill 1 in Staves
 34124 | Lair:2   | Identified the falchion of the Original Sin {drain, EV+5 Int+3} (You found it on level 5 of the Lair of Beasts)
 34464 | Lair:7   | Noticed 78291's ghost
 34497 | Lair:7   | Defeated 78291's ghost
 34898 | Lair:7   | Received a gift from Sif Muna
 34903 | Lair:7   | Got a blackened book {god gift}
 34904 | Lair:7   | Identified Sif Muna's Tome of Flight {god gift} (Sif Muna gifted it to you on level 7 of the Lair of Beasts)
 35357 | Lair:8   | Entered Level 8 of the Lair of Beasts
 35997 | Lair:7   | Reached skill 5 in Transmutations
 36667 | Lair:8   | Reached skill 15 in Air Magic
 36794 | Lair:8   | Reached skill 10 in Invocations
 37455 | Lair:8   | Reached XP level 14. HP: 77/77 MP: 10/34
 39197 | D:13     | Noticed Grum
 39204 | D:13     | Defeated Grum
 40033 | D:14     | Received a gift from Sif Muna
 40146 | D:14     | Found a gateway to a bazaar.
 40792 | D:9      | Defeated Erolcha
 40894 | Orc:1    | Entered Level 1 of the Orcish Mines
 41316 | Orc:2    | Found a roughly hewn altar of Beogh.
 42118 | Orc:3    | Found a staircase to the Elven Halls.
 42518 | Orc:4    | Entered Level 4 of the Orcish Mines
 43353 | Orc:4    | Noticed an orc warlord 43656
                  | bazaar
                  | Entered a bazaar 43670
                  | bazaar
                  | Found Pauschaa's Assorted Antiques. 43685
                  | bazaar
                  | Found Brurgh Tiut's Distillery. 43685
                  | bazaar
                  | Found Cheolame's Antique Weapon Emporium. 43719
                  | bazaar
                  | Found Amira's Armour Shoppe. 43754
                  | bazaar
                  | Bought the cursed -3 pair of gloves of Muges {EV+3 Dam+4} for 91 gold pieces 43754
                  | bazaar
                  | Bought a +1 cloak of preservation for 77 gold pieces 43754
                  | bazaar
                  | Bought the +3 cloak of the Invisible Hand {EV+4 Acc-2} for 240 gold pieces 43755
                  | bazaar
                  | Bought a cursed +0 helmet for 12 gold pieces 43783
                  | bazaar
                  | Bought a potion of mutation for 40 gold pieces 43783
                  | bazaar
                  | Bought a potion of cure mutation for 120 gold pieces 43783
                  | bazaar
                  | Bought a potion of heal wounds for 24 gold pieces 43783
                  | bazaar
                  | Bought a potion of healing for 16 gold pieces 43783
                  | bazaar
                  | Bought a potion of porridge for 8 gold pieces 43805
                  | bazaar
                  | Bought a scroll labeled LOALIRO MASIOFI for 28 gold pieces 43805
                  | bazaar
                  | Bought a scroll labeled PLUMUTS AGOH for 28 gold pieces 43805
                  | bazaar
                  | Bought a brightly glowing short sword for 229 gold pieces 43805
                  | bazaar
                  | Bought a wand of digging for 280 gold pieces
 43956 | Lair:2   | Identified the short sword of Smutim {slice, +Rage rElec AC+4 Int+3} (You bought it in a shop in a bazaar)
 43988 | Lair:2   | Got a heavily runed jade amulet
 43989 | Lair:2   | Identified the amulet "Peqoax" (You acquired it on level 2 of the Lair of Beasts)
 44011 | Lair:2   | Learned a level 3 spell: Regeneration
 44078 | D:15     | Entered Level 15 of the Dungeon
 45674 | Lair:2   | Learned a level 4 spell: Flight
 46448 | D:16     | Found a staircase to the Hive.
 46541 | D:16     | Found a flickering gateway to a bazaar. 46547
                  | bazaar
                  | Entered a bazaar 46558
                  | bazaar
                  | Found Ydghuxkux's Magic Scroll Shop. 46579
                  | bazaar
                  | Found Ivepalad's Book Emporium. 46602
                  | bazaar
                  | Found Zinteare's Magical Wand Shoppe. 46637
                  | bazaar
                  | Found Arghod's Weapon Shoppe. 46645
                  | bazaar
                  | Found Zehec's Book Shop. 46687
                  | bazaar
                  | Bought a book of Necromancy for 270 gold pieces
 46861 | D:16     | Learned a level 4 spell: Dispel Undead
 47858 | D:16     | Reached XP level 15. HP: 78/82 MP: 29/36
 47940 | D:16     | Found a staircase to the Vaults.
 48246 | D:16     | Found a gateway to Hell.
 48426 | D:16     | Reached skill 1 in Necromancy
 48436 | D:16     | Found an ancient bone altar of Kikubaaqudgha.
 48822 | Hive:1   | Entered Level 1 of the Hive
 48900 | Hive:2   | Entered Level 2 of the Hive
 49105 | Hive:1   | Found a dark tunnel.
 49113 | Volcano  | Entered a volcano
 49472 | Hive:2   | Reached skill 1 in Traps & Doors
 51574 | Hive:2   | Received a gift from Sif Muna
 51594 | Hive:2   | Got a shimmering glass ring
 51620 | Hive:2   | Identified the ring "Tovolipp" (You found it on level 2 of the Hive)
 51702 | Hive:2   | Learned a level 5 spell: Blade Hands
 51765 | Vault:1  | Entered Level 1 of the Vaults
 53170 | Vault:2  | Reached skill 16 in Air Magic
 53461 | Vault:2  | Reached skill 10 in Dodging
 54496 | Vault:3  | Noticed Roxanne
 54911 | Vault:3  | Reached skill 5 in Necromancy
 55019 | Vault:3  | Found a staircase to the Crypt.
 55042 | Vault:3  | Reached XP level 16. HP: 88/88 MP: 31/36
 55235 | Vault:3  | Found Ceehoqoy's Book Emporium.
 56006 | Vault:3  | Bought a book of Frost for 420 gold pieces
 56012 | Vault:3  | Learned a level 3 spell: Ozocubu's Armour
 56045 | Crypt:1  | Entered Level 1 of the Crypt
 56203 | Crypt:1  | Reached skill 1 in Ice Magic
 56206 | Crypt:1  | Received a gift from Sif Muna
 56324 | Crypt:1  | Got a sparkling book {god gift}
 56325 | Crypt:1  | Identified Tomaskaj's Catalogue of Bewitchment {god gift} (Sif Muna gifted it to you on level 1 of the Crypt)
 56365 | Crypt:1  | Reached skill 15 in Spellcasting
 57880 | Crypt:2  | You fall through a shaft!
 58074 | Crypt:4  | Noticed Frances
 58412 | Crypt:2  | Noticed Frederick
 59162 | Crypt:3  | Reached skill 10 in Necromancy
 59352 | Crypt:3  | Received a gift from Sif Muna
 59353 | Crypt:3  | Got a torn book {god gift}
 59354 | Crypt:3  | Identified Ganlock's Compendium of Calling {god gift} (Sif Muna gifted it to you on level 3 of the Crypt)
 59412 | Crypt:3  | Reached XP level 17. HP: 92/92 MP: 6/37
 61637 | Crypt:4  | Noticed Wayne
 62324 | Snake:1  | Entered Level 1 of the Snake Pit
 62795 | Snake:1  | Reached skill 10 in Unarmed Combat
 62967 | Snake:1  | Found Qatt's Distillery.
 63653 | Snake:2  | Noticed Aizul
 63686 | Snake:2  | Defeated Aizul
 63717 | Snake:2  | Received a gift from Sif Muna
 63933 | Lair:2   | Learned a level 6 spell: Haste
 65386 | Snake:3  | Got a dull robe
 65718 | Snake:3  | Identified the cursed -1 robe of Folly (You found it on level 3 of the Snake Pit)
 65748 | Snake:4  | Noticed Kogan's ghost
 65754 | Snake:4  | HP: 2/92 [Kogan's ghost (42)]
 66008 | Snake:4  | Defeated Kogan's ghost
 66154 | Snake:4  | Gained mutation: Your body is slowly deteriorating.
 66555 | Snake:4  | Reached skill 5 in Fighting
 66761 | Snake:5  | Entered Level 5 of the Snake Pit
 67751 | Crypt:4  | Defeated Wayne
 68020 | Crypt:4  | Defeated Frances
 68498 | Crypt:4  | Reached XP level 18. HP: 81/101 MP: 15/38
 69508 | Crypt:3  | Reached XP level 17. HP: 75/96 MP: 21/38
 69583 | Crypt:3  | Reached XP level 18. HP: 88/101 MP: 25/38
 69798 | Crypt:3  | Got a pair of polished gloves
 69857 | Crypt:3  | Identified the -7 pair of gloves "Xisam" (You found it on level 3 of the Crypt)
 69919 | Crypt:5  | Entered Level 5 of the Crypt
 70381 | Crypt:5  | Received a gift from Sif Muna
 71632 | Crypt:5  | Reached skill 10 in Transmutations
 72611 | Crypt:5  | Noticed a lich
 72612 | Crypt:5  | Noticed a lich
 72623 | Crypt:5  | Defeated a lich
 72627 | Crypt:5  | Defeated a lich
 72633 | Crypt:5  | Got a smoking falchion
 72638 | Crypt:5  | Identified the falchion of Quick Death {flame, rF++} (You found it on level 5 of the Crypt)
 73281 | Lair:2   | Learned a level 3 spell: Abjuration
 74093 | D:17     | Reached XP level 19. HP: 100/105 MP: 31/39
 74411 | D:17     | Reached skill 10 in Enchantments
 74414 | D:18     | Noticed Norris
 74451 | D:18     | Defeated Norris
 74453 | D:18     | Received a gift from Sif Muna
 74456 | D:18     | Got a blackened book {god gift}
 74457 | D:18     | Identified Sif Muna's Grimoire of Necromancy and Bewitchment {god gift} (Sif Muna gifted it to you on level 18 of the Dungeon)
 74543 | D:18     | Noticed Nergalle
 74777 | D:18     | Defeated Nergalle
 75074 | D:18     | Gained mutation: Your digestive system is specialised to digest meat.
 75517 | D:18     | Found Soffas' Antique Armour Emporium.
 75525 | D:18     | Bought an embroidered elven robe for 26 gold pieces
 75525 | D:18     | Bought a runed helmet for 82 gold pieces
 75587 | D:18     | Noticed Mara
 75587 | D:18     | Noticed clouded's ghost
 75796 | D:18     | Noticed clouded's ghost
 77005 | Vault:4  | Found a staircase to the Hall of Blades.
 80168 | D:11     | Reached skill 1 in Armour
 81096 | Lair:3   | Reached XP level 20. HP: 106/113 MP: 32/40
 82703 | Vault:6  | Received a gift from Sif Muna
 82705 | Vault:6  | Got a graven book {god gift}
 82706 | Vault:6  | Identified Sif Muna's Sophisticated Spellcasting {god gift} (Sif Muna gifted it to you on level 6 of the Vaults)
 82779 | Vault:7  | Found Woziclyi's Book Boutique.
 84620 | D:18     | Noticed clouded's ghost
 84639 | D:18     | Noticed clouded's ghost
 84824 | D:18     | Defeated Mara
 85156 | D:18     | Got a warped pewter amulet
 85157 | D:18     | Identified the amulet "Obbic" (You acquired it on level 18 of the Dungeon)
 85343 | D:19     | Got a slimy halberd
 85627 | D:19     | Found a gateway to a ziggurat.
 85888 | D:19     | Identified the halberd of the Brain {speed, rElec rN+ Dex-3} (You found it on level 19 of the Dungeon)
 86368 | D:20     | Entered Level 20 of the Dungeon
 86956 | D:20     | Reached skill 17 in Air Magic
 87180 | D:20     | You fall through a shaft!
 87654 | D:23     | Found a portal to a secret trove of treasure.
 87659 | D:23     | You paid a toll of 1840gp to enter a treasure trove. 87660
                  | trove
                  | Entered a treasure trove 87675
                  | trove
                  | Got a wavering pewter ring 87702
                  | trove
                  | Identified the ring "Iquc" (You found it in a treasure trove) 87709
                  | trove
                  | Got a pitted crossbow 87710
                  | trove
                  | Identified the crossbow of the Realm of Zot {velocity, rElec Str+1} (You found it in a treasure trove)
 87839 | D:23     | Noticed Boris
 87855 | D:23     | Defeated Boris
 88537 | D:22     | Found Daphiqas' Antique Weapon Shoppe.
 88568 | D:22     | Found Mishriffa's Distillery.
 89020 | D:22     | Found a one-way gate to the infinite horrors of the Abyss.
 89067 | D:22     | Found Naikipt's Distillery.
 89116 | D:22     | Reached XP level 21. HP: 104/122 MP: 26/41
 90741 | D:20     | Got a scintillating platinum amulet
 90747 | D:20     | Got a twisted quarterstaff
 90761 | D:20     | Identified the amulet of Wishful Thinking (You found it on level 20 of the Dungeon)
 90768 | D:20     | Identified the cursed quarterstaff "Clascheib" {flame, EV+3} (You found it on level 20 of the Dungeon)
 91278 | D:21     | Received a gift from Sif Muna
 91292 | D:21     | Got a sparkling book {god gift}
 91293 | D:21     | Identified Sif Muna's Incunabulum of Enchantment {god gift} (Sif Muna gifted it to you on level 21 of the Dungeon)
 92845 | D:24     | Noticed Duane
 92869 | D:24     | Noticed Xtahua
 93022 | D:25     | Entered Level 25 of the Dungeon
 93043 | D:25     | Got a steaming bow
 93044 | D:25     | Identified the bow of the Eleven Runes {flame, rPois AC+5 SInv} (You found it on level 25 of the Dungeon)
 94566 | D:26     | Found Litt's Armour Emporium.
 94889 | D:26     | You fall through a shaft!
 94889 | D:27     | Entered Level 27 of the Dungeon
 97133 | D:27     | Reached XP level 22. HP: 129/129 MP: 26/42
 97648 | D:27     | Received a gift from Sif Muna
 98665 | Temple   | Learned a level 7 spell: Alter Self
 98665 | Temple   | Gained mutation: Your body is deteriorating.
 98755 | Temple   | Lost mutation: Your body is deteriorating.
 98780 | Temple   | Gained mutation: Your vision is a little blurry.
 99105 | Temple   | Gained mutation: Your system is resistant to poisons.
 99130 | Temple   | Gained mutation: You possess an exceptional clarity of mind.
 99255 | Temple   | Gained mutation: Your muscles are strong (Str +1).
 99480 | Temple   | Lost mutation: You are partially covered in iridescent scales (AC +1).
 99505 | Temple   | Gained mutation: Your digestive system is highly specialised to digest meat.
 99855 | Temple   | Gained mutation: Your muscles are strong (Str +1), but stiff (Dex -1).
100094 | Temple   | Lost mutation: You possess an exceptional clarity of mind.
100244 | Temple   | Gained mutation: Your natural rate of healing is unusually fast.
100809 | Temple   | Lost mutation: Your muscles are strong (Str +1).
101026 | Temple   | Gained mutation: You are partially covered in yellow scales (AC +2).
101249 | Temple   | Gained mutation: Your mind is acute (Int +1).
101734 | Temple   | Gained mutation: You have tough skin (AC +1).
102094 | Temple   | Gained mutation: You are agile (Dex +1).
102734 | Temple   | Gained mutation: You passively map a small area around you.
103049 | Temple   | Gained mutation: You are resistant to magic.
103435 | Temple   | Lost mutation: Your digestive system is highly specialised to digest meat.
103685 | Temple   | Lost mutation: You are agile (Dex +1).
104139 | Temple   | Lost mutation: Your digestive system is specialised to digest meat.
104243 | Temple   | Lost mutation: Your system is resistant to poisons.
104393 | Temple   | Gained mutation: You have talons in place of feet.
104418 | Temple   | Gained mutation: You have sharp fingernails.
104643 | Temple   | Gained mutation: You are frail (-10% HP).
104850 | Temple   | Lost mutation: You are frail (-10% HP).
105037 | Temple   | Lost mutation: Your mind is acute (Int +1).
105293 | Temple   | Gained mutation: You are partially covered in black scales (AC +1).
106230 | Temple   | Gained mutation: You are protected by plates of bone (AC +2, Dex -1).
106255 | Temple   | Gained mutation: You are highly resistant to magic.
106380 | Temple   | Lost mutation: You passively map a small area around you.
106655 | Temple   | Gained mutation: You have very tough skin (AC +2).
106905 | Temple   | Lost mutation: Your muscles are strong (Str +1), but stiff (Dex -1).
106989 | Temple   | Lost mutation: You have very tough skin (AC +2).
107186 | Temple   | Lost mutation: Your vision is a little blurry.
107400 | Temple   | Gained mutation: You are frail (-10% HP).
107401 | Temple   | Gained mutation: Your muscles are flexible (Dex +1), but weak (Str -1).
107970 | Temple   | Lost mutation: Your body is slowly deteriorating.
108086 | Temple   | Lost mutation: You have sharp fingernails.
108088 | Temple   | Lost mutation: You have tough skin (AC +1).
108224 | Temple   | Lost mutation: You are highly resistant to magic.
108554 | Temple   | Gained mutation: You are somewhat resistant to further mutation.
108977 | Temple   | Gained mutation: You have a fast metabolism.
109168 | Temple   | Gained mutation: You are weak (Str -1).
109602 | Temple   | Gained mutation: Space occasionally distorts in your vicinity.
110480 | Temple   | Lost mutation: You have a fast metabolism.
110788 | Temple   | Gained mutation: You can translocate small distances instantaneously.
110813 | Temple   | Gained mutation: You are dopey (Int -1).
111010 | Temple   | Lost mutation: Space occasionally distorts in your vicinity.
112621 | Temple   | Lost mutation: You can translocate small distances instantaneously.
113478 | Temple   | Lost mutation: You are dopey (Int -1).
114542 | Temple   | Gained mutation: Your body is slowly deteriorating.
115038 | Temple   | Gained mutation: You have tough skin (AC +1).
115334 | Temple   | Lost mutation: Your muscles are flexible (Dex +1), but weak (Str -1).
115468 | Temple   | Lost mutation: Your body is slowly deteriorating.
115934 | Lair:2   | Learned a level 5 spell: Silence
116335 | Orc:4    | Defeated an orc warlord
116667 | Orc:4    | Noticed an iron troll
116688 | Orc:4    | Defeated an iron troll
116859 | Elf:1    | Entered Level 1 of the Elven Halls
117101 | Elf:1    | Noticed Agnes
117138 | Elf:1    | Defeated Agnes
117323 | Elf:1    | Got a bloodstained mace
118744 | Elf:2    | Found Fimoj's Jewellery Shop.
119591 | Elf:3    | Identified the mace "Zorog" {freeze, +Blink rN+} (You found it on level 1 of the Elven Halls)
119622 | Elf:4    | You fall through a shaft!
119622 | Elf:6    | Found Brumuoxoa's Magic Scroll Boutique.
119625 | Elf:6    | Bought a scroll of acquirement for 728 gold pieces
119625 | Elf:6    | Bought a scroll of acquirement for 728 gold pieces
119631 | Elf:6    | Got a twitching jade ring
119632 | Elf:6    | Identified the ring "Cetaupti" (You acquired it on level 6 of the Elven Halls)
119638 | Elf:6    | Noticed Francis
119649 | Elf:6    | Defeated Francis
119762 | Elf:5    | Noticed an orc knight
119763 | Elf:5    | Noticed an orc knight
119773 | Elf:5    | Defeated an orc knight
119786 | Elf:5    | Defeated an orc knight
119948 | Elf:4    | Found Qaucuom's Assorted Antiques.
120382 | Elf:4    | Got a torn book
120384 | Elf:4    | Identified the Incunabulum of Dislocation (You found it on level 4 of the Elven Halls)
121342 | Lair:2   | Learned a level 2 spell: Throw Frost
122069 | Elf:5    | Noticed Nessos
122088 | Elf:5    | Defeated Nessos
123698 | Elf:6    | Found Ijiqomigu's General Store.
123747 | Elf:6    | Found Ileywe's Jewellery Boutique.
124887 | Elf:7    | Entered Level 7 of the Elven Halls
124914 | Elf:7    | Noticed Kirke
125401 | Elf:7    | Defeated Kirke
125764 | Elf:7    | Noticed a deep elf blademaster
125792 | Elf:7    | Defeated a deep elf blademaster
125962 | Elf:7    | Received a gift from Sif Muna
126001 | Elf:7    | Reached XP level 23. HP: 107/118 MP: 27/43
126053 | Elf:6    | Reached skill 18 in Spellcasting
126206 | Elf:7    | Noticed a deep elf master archer
126212 | Elf:7    | Defeated a deep elf master archer
126532 | Elf:7    | Noticed a deep elf blademaster
126579 | Elf:7    | Defeated a deep elf blademaster
126818 | Elf:7    | Noticed a deep elf master archer
126823 | Elf:7    | Defeated a deep elf master archer
127194 | Elf:7    | Got a transparent helmet
127197 | Elf:7    | Got a brightly glowing cloak
127210 | Elf:7    | Got a fine quarterstaff
127218 | Elf:7    | Got a warped robe
127248 | Elf:7    | Got a glittering lead ring
127261 | Elf:7    | Got a conspicuous book
127346 | Elf:7    | Lost mutation: You have tough skin (AC +1).
127346 | Elf:7    | Lost mutation: You are weak (Str -1).
127346 | Elf:7    | Lost mutation: You are resistant to magic.
127346 | Elf:7    | Lost mutation: You are partially covered in yellow scales (AC +2).
127346 | Elf:7    | Lost mutation: You are frail (-10% HP).
127376 | Elf:7    | Got a jewelled hand axe
127398 | Elf:7    | Got a crude dagger
127400 | Elf:7    | Got an uncursed warped whip
127807 | Lair:2   | Identified the quarterstaff "Sarcophage" {vamp, EV-1 Str+2 Dex+4} (You took it off a deep elf sorcerer on level 7 of the Elven Halls)
127808 | Lair:2   | Identified the hand axe of Goani {chop, EV+5 SInv} (You took it off a deep elf sorcerer on level 7 of the Elven Halls)
127809 | Lair:2   | Identified the cursed dagger "Beetlebane" {drain, SInv} (You took it off a deep elf demonologist on level 7 of the Elven Halls)
127813 | Lair:2   | Identified the +3 helmet of the Echidna (You found it on level 7 of the Elven Halls)
127816 | Lair:2   | Identified the -5 cloak of the Gate (You found it on level 7 of the Elven Halls)
127828 | Lair:2   | Identified the -5 robe of the Turtle (You took it off a deep elf priest on level 7 of the Elven Halls)
127864 | Lair:2   | Identified the ring "Jeilesu" (You found it on level 7 of the Elven Halls)
127947 | Shoals:1 | Entered Level 1 of the Shoals
127993 | Shoals:1 | Noticed Rupert
128007 | Shoals:1 | Defeated Rupert
128941 | Shoals:3 | Found a gateway to a bazaar. 128974
                  | bazaar
                  | Entered a bazaar 128982
                  | bazaar
                  | Found Greteuf's General Store. 128982
                  | bazaar
                  | Found Naywatoxt's Jewellery Shop. 129008
                  | bazaar
                  | Found Ickuegat's Magic Scroll Boutique. 129022
                  | bazaar
                  | Found Ofaa's Weapon Shop.
129214 | Shoals:3 | Noticed Boris
129225 | Shoals:3 | Defeated Boris
129235 | Shoals:3 | Reached skill 15 in Unarmed Combat
129965 | Shoals:5 | Entered Level 5 of the Shoals
130058 | Shoals:5 | Found Ghookola's Jewellery Emporium.
130424 | Shoals:5 | Got a barnacled rune of Zot
130865 | Blade    | Entered the Hall of Blades
130872 | Blade    | Received a gift from Sif Muna
131169 | Blade    | Got a levitating book {god gift}
131170 | Blade    | Identified Sif Muna's Compendium of Creative Conjuration {god gift} (Sif Muna gifted it to you in the Hall of Blades)
131519 | Blade    | Reached skill 5 in Ice Magic
131654 | Blade    | Reached skill 5 in Conjurations
132612 | Lair:2   | Identified the Guide on Arcane Weapons (You found it on level 7 of the Elven Halls)
132622 | Lair:2   | Learned a level 7 spell: Conjure Ball Lightning
132911 | Slime:1  | Entered Level 1 of the Pits of Slime
134029 | Lair:2   | Learned a level 6 spell: Bolt of Cold
134179 | Slime:1  | Reached XP level 24. HP: 136/136 MP: 5/44
135183 | Slime:1  | You fall through a shaft!
135994 | Slime:4  | Gained mutation: Your digestive system is specialised to digest meat.
136723 | Slime:5  | Received a gift from Sif Muna
136732 | Slime:5  | Got a blackened book {god gift}
136733 | Slime:5  | Identified Sif Muna's Tome of Battle Magic and Weightlessness {god gift} (Sif Muna gifted it to you on level 5 of the Pits of Slime)
137127 | Slime:4  | You fall through a shaft!
137886 | Slime:6  | Entered Level 6 of the Pits of Slime
138104 | Slime:6  | Noticed polystyrus' ghost
138110 | Slime:6  | Defeated polystyrus' ghost
138370 | Slime:6  | Lost mutation: Your digestive system is specialised to digest meat.
138589 | Slime:5  | Reached skill 19 in Spellcasting
139790 | Slime:6  | Gained mutation: You digest meat inefficiently.
140043 | Slime:6  | Noticed the royal jelly
140064 | Slime:6  | Found a viscous altar of Jiyva.
140178 | Slime:6  | Defeated the royal jelly
140178 | Slime:6  | Reached XP level 25. HP: 119/145 MP: 23/45
140718 | Slime:6  | Reached skill 1 in Evocations
140725 | Slime:6  | Got a bloodstained bardiche
140757 | Slime:6  | Got a slimy rune of Zot
140759 | Slime:6  | Got a transparent executioner's axe
140790 | Slime:6  | Got a steaming sabre
140799 | Slime:6  | Got a twisted war axe
140855 | Slime:6  | Got a sky-blue amulet
140857 | Slime:6  | Identified the amulet of the Air (You found it on level 6 of the Pits of Slime)
141058 | Lair:2   | Identified the cursed bardiche "Struirrau" {flame, +Blink} (You found it on level 6 of the Pits of Slime)
141066 | Lair:2   | Identified the executioner's axe of Departure {slay orc, rN+} (You found it on level 6 of the Pits of Slime)
141067 | Lair:2   | Identified the war axe of Absolution {freeze, rF++ MR AC+1 Stlth+} (You found it on level 6 of the Pits of Slime)
141173 | Lair:2   | Learned a level 8 spell: Necromutation
141180 | Lair:2   | Learned a level 5 spell: Extension
141270 | Lair:2   | Learned a level 1 spell: Summon Small Mammals
141649 | Crypt:2  | Defeated Frederick
141653 | Crypt:2  | Received a gift from Sif Muna
141666 | Crypt:2  | Got a droning book {god gift}
141670 | Crypt:2  | Identified Sif Muna's Disquisition on Dislocated Attacks {god gift} (Sif Muna gifted it to you on level 2 of the Crypt)
141983 | Crypt:2  | Found a staircase to the Tomb.
141984 | Crypt:2  | Noticed a reaper
141994 | Crypt:2  | Defeated a reaper
142049 | Tomb:1   | Entered Level 1 of the Tomb of the Ancients
142379 | Tomb:1   | Got a vibrating pewter amulet
142380 | Tomb:1   | Identified the amulet "Tytu" (You acquired it on level 1 of the Tomb of the Ancients)
144408 | Tomb:1   | Reached skill 15 in Necromancy
144727 | Tomb:2   | Received a gift from Sif Muna
144733 | Tomb:2   | Reached XP level 26. HP: 34/147 MP: 7/45
144739 | Tomb:2   | Got a conspicuous book {god gift}
144926 | Tomb:1   | Identified Sif Muna's Catalogue of Flamy Conjuration {god gift} (Sif Muna gifted it to you on level 2 of the Tomb of the Ancients)
145205 | Tomb:2   | Noticed a lich
145294 | Tomb:2   | Defeated a lich
145798 | Tomb:1   | Got a flickering steel ring
145799 | Tomb:1   | Identified the ring "Sioguyp" (You found it on level 1 of the Tomb of the Ancients)
146237 | Tomb:1   | Reached skill 20 in Spellcasting
146288 | Tomb:1   | Received a gift from Sif Muna
146305 | Tomb:1   | Got a droning book {god gift}
146306 | Tomb:1   | Identified Cerebov's Almanac of Combat Magic {god gift} (Sif Muna gifted it to you on level 1 of the Tomb of the Ancients)
147112 | Tomb:3   | Entered Level 3 of the Tomb of the Ancients
147184 | Tomb:3   | Reached XP level 27. HP: 152/152 MP: 43/46
147864 | Tomb:2   | Reached skill 10 in Conjurations
147864 | Tomb:2   | Reached skill 10 in Ice Magic
148434 | Tomb:3   | Received a gift from Sif Muna
148445 | Tomb:3   | Got a rare book {god gift}
148448 | Tomb:3   | Identified Sif Muna's Almanac of Battle Magic {god gift} (Sif Muna gifted it to you on level 3 of the Tomb of the Ancients)
149227 | Tomb:3   | Got a distressingly furry robe
149233 | Tomb:3   | Got a faintly glowing robe
149252 | Tomb:3   | Got a smoking great mace
149263 | Tomb:3   | Got an iridescent dagger
149265 | Tomb:3   | Identified the great mace of Evisceration {freeze, rF+} (You found it on level 3 of the Tomb of the Ancients)
149266 | Tomb:3   | Identified the dagger of Ucuacua {flame, Dex+4} (You found it on level 3 of the Tomb of the Ancients)
149353 | Tomb:3   | Got a golden rune of Zot
149808 | Lair:2   | Identified the +3 robe of Sevusit (You found it on level 3 of the Tomb of the Ancients)
149815 | Lair:2   | Identified the +0 robe of Frec (You found it on level 3 of the Tomb of the Ancients)
149871 | Lair:2   | Learned a level 5 spell: Teleport Self
149873 | Lair:2   | Learned a level 1 spell: Summon Butterflies
150364 | D:23     | Got a transparent bronze ring
150374 | D:23     | Got a crystal spear
150383 | D:23     | Identified the ring of Daffodils (You found it on level 23 of the Dungeon)
150440 | Abyss    | Entered The Abyss
150747 | D:22     | You pass through the gate.
150836 | Abyss    | Noticed a phantom
150843 | Abyss    | Defeated a phantom
150952 | Abyss    | Noticed a shadow dragon simulacrum
150958 | Abyss    | Defeated a shadow dragon simulacrum
151303 | Abyss    | Noticed a death drake
151306 | Abyss    | Defeated a death drake
151403 | Abyss    | Noticed a tormentor
151406 | Abyss    | Defeated a tormentor
151654 | Abyss    | Received a gift from Sif Muna
151655 | Abyss    | Got a colourful book {god gift}
151656 | Abyss    | Identified Sif Muna's Handbook of Orientation {god gift} (Sif Muna gifted it to you in the Abyss)
151680 | Abyss    | Noticed a giant eyeball
151692 | Abyss    | Defeated a giant eyeball
152380 | Abyss    | Noticed a red draconian
152395 | Abyss    | Defeated a red draconian
152619 | Abyss    | Noticed a Daeva
153079 | Abyss    | Noticed a mottled draconian
153092 | Abyss    | Defeated a mottled draconian
153377 | Abyss    | Noticed a red devil
153381 | Abyss    | Defeated a red devil
153584 | Abyss    | Got a crystal hand axe
153642 | Abyss    | Noticed a vampire
153643 | Abyss    | Defeated a vampire
153751 | Abyss    | Noticed an iron golem
153766 | Abyss    | Defeated an iron golem
153874 | Abyss    | Noticed a yellow draconian
153890 | Abyss    | Defeated a yellow draconian
153983 | Abyss    | Noticed a toenail golem
153994 | Abyss    | Defeated a toenail golem
154002 | Abyss    | Noticed a white draconian zealot
154016 | Abyss    | Defeated a white draconian zealot
154018 | Abyss    | Noticed a wood golem
154039 | Abyss    | Defeated a wood golem
154040 | Abyss    | Noticed a death drake
154047 | Abyss    | Defeated a death drake
154086 | Abyss    | Reached skill 10 in Fighting
154423 | Abyss    | Received a gift from Sif Muna
154777 | Abyss    | Got an abyssal rune of Zot
154905 | Abyss    | Noticed a wood golem
154912 | Abyss    | Defeated a wood golem
154935 | Abyss    | Noticed a necromancer
154960 | Abyss    | Defeated a necromancer
154982 | Abyss    | Noticed a spiny worm simulacrum
154985 | Abyss    | Defeated a spiny worm simulacrum
155129 | D:22     | You pass through the gate.
155387 | D:24     | Found a one-way gate leading to the halls of Pandemonium.
155595 | D:24     | Defeated Duane
155603 | D:24     | Defeated Xtahua
155670 | D:24     | Identified the spear "Hegulano" {freeze, Dex+2 SInv} (You found it on level 23 of the Dungeon)
155671 | D:24     | Identified the hand axe "Xiegaont" {chop, EV+3 Stlth+} (You found it in the Abyss)
156275 | Zot:1    | Entered Level 1 of the Realm of Zot
156648 | Lair:2   | Learned a level 7 spell: Freezing Cloud
156706 | Lair:2   | Learned a level 2 spell: Throw Frost
156743 | Lair:2   | Learned a level 8 spell: Chain Lightning
157532 | Vault:8  | Entered Level 8 of the Vaults
157610 | Vault:8  | Reached skill 21 in Spellcasting
158319 | Vault:8  | Received a gift from Sif Muna
158321 | Vault:8  | Got a levitating book {god gift}
158322 | Vault:8  | Identified Sif Muna's Reference Book on Bewitchment {god gift} (Sif Muna gifted it to you on level 8 of the Vaults)
158331 | Vault:8  | Noticed a skeletal dragon
158344 | Vault:8  | Defeated a skeletal dragon
158635 | Vault:8  | Got an ichor-stained double sword
158635 | Vault:8  | Got a faintly humming troll leather armour
158877 | Vault:8  | Got a colourful book
158880 | Vault:8  | Identified the Reference Book on Stones and Transmigration (You found it on level 8 of the Vaults)
158903 | Vault:8  | Got a jade ring
158905 | Vault:8  | Got a silver rune of Zot
158951 | Vault:8  | Identified the ring of Shaolin (You found it on level 8 of the Vaults)
159098 | Vault:8  | Noticed a deep elf high priest
159100 | Vault:8  | Defeated a deep elf high priest
159354 | Vault:8  | Got an engraved book
159358 | Vault:8  | Got a faintly glowing platinum amulet
159362 | Vault:8  | Identified the Collected Works on Fire (You found it on level 8 of the Vaults)
159368 | Vault:8  | Identified the amulet of Poofixoo (You found it on level 8 of the Vaults)
159369 | Vault:8  | Identified the cursed -2 troll leather armour of Xatiedat (You took it off an ogre mage on level 8 of the Vaults)
159371 | Vault:8  | Identified the double sword "Rualuch" {freeze, rF++ EV+5 Dex+2 Stlth+} (You took it off an ogre mage on level 8 of the Vaults)
159410 | Vault:8  | Found an iron altar of Okawaru.
159895 | Vault:8  | Noticed a golden dragon
159904 | Vault:8  | Defeated a golden dragon
160138 | Vault:8  | Noticed a deep elf annihilator
160144 | Vault:8  | Defeated a deep elf annihilator
160201 | Vault:8  | Received a gift from Sif Muna
160216 | Vault:8  | Got a sparkling book {god gift}
160217 | Vault:8  | Identified Sif Muna's Book of Calling {god gift} (Sif Muna gifted it to you on level 8 of the Vaults)
160628 | Hell     | Entered the Vestibule of Hell
160629 | Hell     | Noticed Geryon
160663 | D:21     | Defeated Geryon
161028 | Hell     | Reached skill 15 in Invocations
161345 | Hell     | Found a gateway to the Iron City of Dis.
161370 | Hell     | Found a gateway to Gehenna.
161446 | Hell     | Found a gateway to the freezing wastes of Cocytus.
162664 | Zot:1    | Noticed an orb of fire
163076 | Zot:1    | Received a gift from Sif Muna
163077 | Zot:1    | Got an engraved book {god gift}
163079 | Zot:1    | Identified Sif Muna's Collected Works on Creation and the Traveller {god gift} (Sif Muna gifted it to you on level 1 of the Realm of Zot)
163159 | Zot:1    | Noticed an orb of fire
163316 | Zot:1    | Defeated an orb of fire
163634 | Zot:1    | Reached skill 22 in Spellcasting
163647 | Zot:1    | Defeated an orb of fire
165202 | Zot:2    | Received a gift from Sif Muna
165924 | Zot:2    | Reached skill 15 in Dodging
166134 | Zot:2    | Got an iridescent long sword
166737 | Zot:2    | You are cast into the Abyss!
166737 | Zot:2    | Cast into the Abyss (a Zot trap)
167219 | Abyss    | Noticed a death drake
167227 | Abyss    | Defeated a death drake
167234 | Abyss    | Noticed a purple draconian annihilator
167410 | Abyss    | Noticed an ancient lich
167415 | Abyss    | Defeated an ancient lich
167422 | Abyss    | Noticed a wood golem
167431 | Abyss    | Defeated a wood golem
167493 | Zot:2    | You pass through the gate.
168396 | Zot:3    | Received a gift from Sif Muna
168413 | Zot:3    | Got an antique book {god gift}
168414 | Zot:3    | Identified Sif Muna's Volume of Infatuation {god gift} (Sif Muna gifted it to you on level 3 of the Realm of Zot)
169124 | Zot:4    | Reached skill 23 in Spellcasting
170568 | Zot:5    | Entered Level 5 of the Realm of Zot
170666 | Zot:5    | Received a gift from Sif Muna
170667 | Zot:5    | Got an engraved book {god gift}
170668 | Zot:5    | Identified Sif Muna's Handbook of Icy Attacks {god gift} (Sif Muna gifted it to you on level 5 of the Realm of Zot)
171719 | Zot:5    | Noticed an ancient lich
171723 | Zot:5    | Defeated an ancient lich
172229 | Zot:5    | Reached skill 15 in Enchantments
172741 | Zot:5    | Received a gift from Sif Muna
172820 | Zot:5    | Got a conspicuous book {god gift}
172821 | Zot:5    | Identified Sif Muna's Compendium of Confrontation and Air {god gift} (Sif Muna gifted it to you on level 5 of the Realm of Zot)
173746 | Zot:5    | Noticed an ancient lich
173749 | Zot:5    | Defeated an ancient lich
173824 | Zot:5    | Noticed an orb of fire
173859 | Zot:5    | Defeated an orb of fire
174001 | Zot:4    | Reached skill 24 in Spellcasting
174004 | Zot:4    | Reached skill 15 in Ice Magic
174600 | Zot:5    | Noticed an ancient lich
174603 | Zot:5    | Defeated an ancient lich
174695 | Zot:5    | Received a gift from Sif Muna
174706 | Zot:5    | Got a colourful book {god gift}
174707 | Zot:5    | Identified Sif Muna's Incunabulum of Ensnaring Cold {god gift} (Sif Muna gifted it to you on level 5 of the Realm of Zot)
174876 | Zot:4    | Reached skill 15 in Conjurations
175072 | Zot:5    | Noticed an ancient lich
175195 | Zot:5    | Defeated an ancient lich
176001 | Zot:5    | Received a gift from Sif Muna
176072 | Zot:5    | Got a levitating book {god gift}
176073 | Zot:5    | Identified Sif Muna's Book of Dark Magic {god gift} (Sif Muna gifted it to you on level 5 of the Realm of Zot)
176250 | Zot:5    | Noticed an ancient lich
176259 | Zot:5    | Noticed an ancient lich
176535 | Zot:5    | Defeated an ancient lich
176585 | Zot:5    | Defeated an ancient lich
176774 | Zot:5    | Noticed an orb of fire
176884 | Zot:5    | Noticed an ancient lich
176905 | Zot:5    | Defeated an ancient lich
177146 | Zot:5    | Defeated an orb of fire
177230 | Zot:4    | Received a gift from Sif Muna
177727 | Zot:4    | Got a sparkling book {god gift}
177728 | Zot:4    | Identified Ghydo's Papyrus of Orientation {god gift} (Sif Muna gifted it to you on level 4 of the Realm of Zot)
178092 | Lair:2   | Identified the cursed long sword "Vuneze" {flame, rElec rC++ MR EV+4} (You found it on level 2 of the Realm of Zot)
178117 | Lair:2   | Learned a level 5 spell: Teleport Self
178286 | D:22     | Reached skill 25 in Spellcasting
178636 | Abyss    | Noticed a stone giant simulacrum
178639 | Abyss    | Defeated a stone giant simulacrum
179178 | Abyss    | Got a steaming longbow
179229 | Abyss    | Noticed an iron golem
179247 | Abyss    | Defeated an iron golem
179259 | Abyss    | Noticed a purple ugly thing
179266 | Abyss    | Noticed a purple ugly thing
179266 | Abyss    | Defeated a purple ugly thing
179273 | Abyss    | Defeated a purple ugly thing
179297 | Abyss    | Noticed a tormentor
179305 | Abyss    | Defeated a tormentor
179338 | Abyss    | Noticed a five-headed hydra simulacrum
179341 | Abyss    | Defeated a five-headed hydra simulacrum
179432 | Abyss    | Noticed an ancient lich
179435 | Abyss    | Defeated an ancient lich
179444 | Abyss    | Noticed a yellow draconian caller
179451 | Abyss    | Noticed a death drake
179451 | Abyss    | Noticed a death drake
179454 | Abyss    | Noticed a death drake
179463 | Abyss    | Defeated a yellow draconian caller
179783 | Abyss    | Noticed a hell knight
179785 | Abyss    | Noticed a hell knight
179785 | Abyss    | Noticed a hell knight
179786 | Abyss    | Noticed a hell knight
179787 | Abyss    | Noticed a hell knight
179788 | Abyss    | Noticed a hell knight
179789 | Abyss    | Defeated a hell knight
179790 | Abyss    | Defeated a hell knight
179791 | Abyss    | Defeated a hell knight
179791 | Abyss    | Defeated a hell knight
179793 | Abyss    | Defeated a hell knight
179794 | Abyss    | Defeated a hell knight
179883 | D:22     | You pass through the gate.
180055 | Lair:2   | Identified the longbow of the Forsaken Wars {flame, +Blink Str+3} (You found it in the Abyss)
180384 | Abyss    | Noticed an earth elemental
180393 | Abyss    | Defeated an earth elemental
180398 | Abyss    | Noticed a cyan ugly thing
180401 | Abyss    | Defeated a cyan ugly thing
180448 | Abyss    | Noticed a pale draconian caller
180464 | Abyss    | Defeated a pale draconian caller
180522 | Abyss    | Received a gift from Sif Muna
180523 | Abyss    | Got a graven book {god gift}
180626 | Abyss    | Noticed an ice beast
180632 | Abyss    | Defeated an ice beast
180641 | Abyss    | Noticed a soul eater
180648 | Abyss    | Defeated a soul eater
180824 | Abyss    | Noticed a white ugly thing
180831 | Abyss    | Defeated a white ugly thing
180845 | Abyss    | Noticed a fire elemental
181092 | Abyss    | Noticed a Daeva
181160 | Abyss    | Noticed a white ugly thing
181160 | Abyss    | Noticed a white ugly thing
181161 | Abyss    | Noticed a white ugly thing
181164 | Abyss    | Defeated a white ugly thing
181170 | Abyss    | Defeated a white ugly thing
181175 | Abyss    | Defeated a white ugly thing
181436 | Abyss    | Noticed an eye of devastation
181444 | Abyss    | Defeated an eye of devastation
181493 | Abyss    | Noticed a Daeva
181524 | Abyss    | Noticed a stone golem
181533 | Abyss    | Defeated a stone golem
181657 | Abyss    | Noticed a jelly
181668 | Abyss    | Defeated a jelly
182004 | Abyss    | Noticed a siren simulacrum
182006 | Abyss    | Defeated a siren simulacrum
182011 | Abyss    | Noticed a yellow draconian
182020 | Abyss    | Defeated a yellow draconian
182380 | Abyss    | Noticed an earth elemental
182395 | Abyss    | Defeated an earth elemental
182479 | Abyss    | Noticed a fungus
182524 | Abyss    | Noticed an Angel
182551 | Abyss    | Noticed a green ugly thing
182561 | Abyss    | Noticed a white draconian
182568 | Abyss    | Defeated a green ugly thing
182575 | Abyss    | Defeated a white draconian
182576 | Abyss    | Reached skill 5 in Translocations
182613 | Abyss    | Noticed a green ugly thing
182663 | Abyss    | Defeated a green ugly thing
182717 | Abyss    | Received a gift from Sif Muna
182719 | Abyss    | Got a sparkling book {god gift}
182727 | Abyss    | Identified Sif Muna's Guide on Transmutation {god gift} (Sif Muna gifted it to you in the Abyss)
182727 | Abyss    | Identified Sif Muna's Guide on Cold {god gift} (Sif Muna gifted it to you in the Abyss)
182739 | Abyss    | Noticed a purple draconian
182750 | Abyss    | Defeated a purple draconian
183133 | Abyss    | Got a smoking robe
183134 | Abyss    | Identified the +5 robe "Fuitides" (You found it in the Abyss)
183220 | Abyss    | Noticed a cyan ugly thing
183226 | Abyss    | Defeated a cyan ugly thing
183230 | Abyss    | Noticed a cyan ugly thing
183236 | Abyss    | Defeated a cyan ugly thing
183400 | Abyss    | Noticed a red devil
183406 | Abyss    | Defeated a red devil
183445 | Abyss    | Noticed a green ugly thing
183451 | Abyss    | Noticed a white draconian monk
183454 | Abyss    | Defeated a green ugly thing
183474 | Abyss    | Noticed a green ugly thing
183479 | Abyss    | Noticed a green ugly thing
183827 | Abyss    | Reached skill 26 in Spellcasting
183863 | Abyss    | Noticed a purple draconian
183871 | Abyss    | Defeated a purple draconian
183893 | Abyss    | Noticed a purple ugly thing
183897 | Abyss    | Noticed a purple ugly thing
183899 | Abyss    | Noticed a purple ugly thing
183899 | Abyss    | Defeated a purple ugly thing
183904 | Abyss    | Noticed a purple ugly thing
183908 | Abyss    | Defeated a purple ugly thing
183912 | Abyss    | Defeated a purple ugly thing
183913 | Abyss    | Defeated a purple ugly thing
183946 | Abyss    | Noticed a purple ugly thing
183950 | Abyss    | Defeated a purple ugly thing
183952 | Abyss    | Noticed a red draconian caller
183962 | Abyss    | Defeated a red draconian caller
183979 | Abyss    | Noticed a purple ugly thing
183988 | Abyss    | Defeated a purple ugly thing
184263 | Abyss    | Noticed a purple draconian
184277 | Abyss    | Defeated a purple draconian
184565 | Abyss    | Noticed a red devil
184572 | Abyss    | Defeated a red devil
184596 | Abyss    | Noticed a naga warrior
184613 | Abyss    | Defeated a naga warrior
184725 | Abyss    | Noticed a great orb of eyes
184732 | Abyss    | Defeated a great orb of eyes
184733 | Abyss    | Noticed a toenail golem
184747 | Abyss    | Defeated a toenail golem
184788 | Abyss    | Got an encrusted glaive
184803 | D:22     | You pass through the gate.
184804 | D:22     | Identified the glaive of the Little People {vamp, rF+} (You found it in the Abyss)
185004 | Lair:2   | Learned a level 4 spell: Control Teleport
185275 | Elf:2    | Bought an uncursed ring of protection from fire for 294 gold pieces
185417 | Elf:6    | Bought a scroll of teleportation for 42 gold pieces
185417 | Elf:6    | Bought a scroll of blinking for 42 gold pieces
185417 | Elf:6    | Bought a scroll of blinking for 42 gold pieces
185417 | Elf:6    | Bought a scroll of identify for 28 gold pieces
185417 | Elf:6    | Bought a scroll of recharging for 70 gold pieces
185417 | Elf:6    | Bought a scroll of enchant armour for 67 gold pieces
185988 | Pan      | Entered Pandemonium
186322 | Pan      | Received a gift from Sif Muna
186323 | Pan      | Got a black book {god gift}
186324 | Pan      | Identified Sif Muna's Reference Book on Flying Necromancy {god gift} (Sif Muna gifted it to you in Pandemonium)
186933 | Pan      | Noticed Igag the pandemonium lord
186974 | Pan      | Defeated Igag the pandemonium lord
187614 | Pan      | Reached skill 5 in Summonings
187710 | Pan      | Got a demonic rune of Zot
188303 | Pan      | Noticed Shrig the pandemonium lord
188309 | Pan      | Defeated Shrig the pandemonium lord
188508 | Pan      | Got a demonic rune of Zot
188808 | Pan      | Got a slimy glaive
188812 | Pan      | Identified the glaive of Anxiety {vamp, AC+3 Str+3 Dex+1} (You found it in Pandemonium)
188929 | Pan      | Received a gift from Sif Muna
188940 | Pan      | Got a sparkling book {god gift}
188941 | Pan      | Identified Sif Muna's Disquisition on Shifting Black Arts {god gift} (Sif Muna gifted it to you in Pandemonium)
188976 | Pan      | Noticed Mohuyt the pandemonium lord
189640 | Pan      | Noticed Yfecieg the pandemonium lord
190212 | Pan      | Noticed Iklurru the pandemonium lord
191520 | Pan      | oh dear
191535 | Pan      | phew
191869 | Pan      | You are cast into the Abyss!
191869 | Pan      | Cast into the Abyss (distortion unwield)
192516 | Abyss    | Noticed a jelly
192517 | Abyss    | Noticed a hell knight
192522 | Abyss    | Defeated a hell knight
192526 | Abyss    | Defeated a jelly
192529 | Abyss    | Noticed a hell knight
192538 | Abyss    | Noticed a hell knight
192539 | Abyss    | Defeated a hell knight
192547 | Abyss    | Defeated a hell knight
192762 | Abyss    | Noticed a flayed ghost
192771 | Abyss    | Defeated a flayed ghost
192855 | Abyss    | Noticed a black draconian caller
192863 | Abyss    | Defeated a black draconian caller
192915 | D:24     | You pass through the gate.
193215 | Lair:2   | Learned a level 9 spell: Ice Storm
193708 | Snake:5  | Noticed Donald
193726 | Snake:5  | Defeated Donald
193813 | Snake:5  | Noticed Saint Roka
193824 | Snake:5  | Defeated Saint Roka
194082 | Snake:5  | Received a gift from Sif Muna
194133 | Snake:5  | Got a colourful book {god gift}
194134 | Snake:5  | Identified Sif Muna's Papyrus of the Glacier {god gift} (Sif Muna gifted it to you on level 5 of the Snake Pit)
194231 | Snake:5  | Got a serpentine rune of Zot
195213 | Pan      | Noticed Mnoleg
195227 | Pan      | Defeated Mnoleg
195227 | Pan      | Reached skill 27 in Spellcasting
195288 | Pan      | Got a glowing rune of Zot
195994 | Pan      | Noticed Ciunia the pandemonium lord
196029 | Pan      | Defeated Ciunia the pandemonium lord
196645 | Pan      | Noticed Eresiesk the pandemonium lord
196682 | Pan      | Defeated Eresiesk the pandemonium lord
197160 | Pan      | Received a gift from Sif Muna
197161 | Pan      | Got a rare book {god gift}
197162 | Pan      | Identified Sif Muna's Reference Book on Hurtful Enchantment {god gift} (Sif Muna gifted it to you in Pandemonium)
197310 | Pan      | Got a black book
197311 | Pan      | Identified the Guide on Attacks (You found it in Pandemonium)
197360 | Pan      | Noticed Clok the pandemonium lord
197366 | Pan      | Defeated Clok the pandemonium lord
198035 | Pan      | Noticed Vodoczayph the pandemonium lord
198057 | Pan      | Defeated Vodoczayph the pandemonium lord
198179 | Pan      | Got a demonic rune of Zot
198560 | Pan      | Noticed Qomint the pandemonium lord
198570 | Pan      | Defeated Qomint the pandemonium lord
199320 | Pan      | Noticed Cerebov
199448 | Pan      | Defeated Cerebov
199486 | Pan      | Got a great serpentine sword
199819 | Pan      | Got a fiery rune of Zot
199901 | Pan      | Got a rare book
199902 | Pan      | Identified Sif Muna's Book of Ashen Changing (You found it in Pandemonium)
199903 | Pan      | Received a gift from Sif Muna
199904 | Pan      | Got a graven book {god gift}
199905 | Pan      | Identified Sif Muna's Catalogue of Shifting Calling {god gift} (Sif Muna gifted it to you in Pandemonium)
200226 | Pan      | Got a flickering silver amulet
200238 | Pan      | Got a twisted dagger
200258 | Pan      | Got a torn book
200259 | Pan      | Identified the Volume of Enchantment and the Snowflakes (You found it in Pandemonium)
200276 | Pan      | Got a warped steel amulet
200286 | Pan      | Identified the amulet of Boass (You found it in Pandemonium)
200286 | Pan      | Identified the amulet of Staim (You found it in Pandemonium)
200301 | Pan      | Identified the dagger of Corporal Punishment {freeze, +Blink rF+ rN+ Stlth+} (You found it in Pandemonium)
200302 | Pan      | Identified the cursed Sword of Cerebov {flame,} (You took it off Cerebov in Pandemonium)
200456 | Pan      | You are cast into the Abyss!
200456 | Pan      | Cast into the Abyss (distortion unwield)
200931 | Abyss    | Noticed a vampire
200940 | Abyss    | Defeated a vampire
200979 | Abyss    | Noticed a hell knight
200980 | Abyss    | Noticed a hell knight
200980 | Abyss    | Defeated a hell knight
200983 | Abyss    | Noticed a hell knight
200984 | Abyss    | Defeated a hell knight
200984 | Abyss    | Defeated a hell knight
200987 | Abyss    | Noticed a hell knight
200988 | Abyss    | Defeated a hell knight
201035 | D:24     | You pass through the gate.
201819 | Pan      | Noticed Gittasuw the pandemonium lord
201840 | Pan      | Defeated Gittasuw the pandemonium lord
202233 | Pan      | Noticed Crewiv the pandemonium lord
202277 | Pan      | Defeated Crewiv the pandemonium lord
202673 | Pan      | Received a gift from Sif Muna
202675 | Pan      | Got a glistering book {god gift}
202676 | Pan      | Identified Momaegiz's Compendium of Ghastly Battle Magic {god gift} (Sif Muna gifted it to you in Pandemonium)
202714 | Pan      | Got a magical rune of Zot
202721 | Pan      | Noticed Lom Lobon
202759 | Pan      | Defeated Lom Lobon
202993 | D:24     | You pass through the gate.
203398 | Pan      | Noticed Gloorx Vloq
203402 | Pan      | Got a dark rune of Zot
203510 | Pan      | Got a slimy robe
203511 | Pan      | Identified the cursed -3 robe of Kiukhiomoa (You found it in Pandemonium)
204572 | Pan      | Defeated Gloorx Vloq
204927 | Pan      | Gained mutation: You are weak (Str -1).
205120 | Pan      | You are cast into the Abyss!
205120 | Pan      | Cast into the Abyss (distortion unwield)
205233 | D:24     | You pass through the gate.
205635 | D:19     | You paid a toll of 3640 gold to enter a ziggurat.
205635 | Zig:1    | Entered level 1 of a ziggurat
205650 | Zig:2    | Entered level 2 of a ziggurat
205669 | Zig:3    | Entered level 3 of a ziggurat
205692 | Zig:4    | Entered level 4 of a ziggurat
205719 | Zig:5    | Entered level 5 of a ziggurat
205758 | Zig:5    | Got a fine robe
205767 | Zig:6    | Entered level 6 of a ziggurat
205799 | Zig:7    | Entered level 7 of a ziggurat
205826 | Zig:8    | Entered level 8 of a ziggurat
205829 | Zig:8    | Noticed Tred the pandemonium lord
205836 | Zig:8    | Received a gift from Sif Muna
205847 | Zig:8    | Defeated Tred the pandemonium lord
205878 | Zig:8    | Got a blackened book {god gift}
205879 | Zig:8    | Identified Sif Muna's Almanac of Snow {god gift} (Sif Muna gifted it to you on level 8 of a ziggurat)
205946 | Zig:9    | Entered level 9 of a ziggurat
206146 | Zig:10   | Entered level 10 of a ziggurat
206407 | Zig:11   | Entered level 11 of a ziggurat
206476 | Zig:11   | screw the potions
206477 | Zig:12   | Entered level 12 of a ziggurat
206861 | Zig:13   | Entered level 13 of a ziggurat
206879 | Zig:13   | Received a gift from Sif Muna
206900 | Zig:13   | Got a rare book {god gift}
206902 | Zig:13   | Identified Wostog's Papyrus of Summoning {god gift} (Sif Muna gifted it to you on level 13 of a ziggurat)
206914 | Zig:13   | Got a scintillating copper ring
206934 | Zig:13   | Identified the ring "Creeqaw" (You found it on level 13 of a ziggurat)
206941 | Zig:14   | Entered level 14 of a ziggurat
207062 | Zig:14   | Got a warped ivory ring
207084 | Zig:15   | Entered level 15 of a ziggurat
207189 | Zig:15   | Got a transparent bone amulet
207196 | Zig:15   | Identified the ring of Dituar (You found it on level 14 of a ziggurat)
207197 | Zig:15   | Identified the amulet of Ynichav (You found it on level 15 of a ziggurat)
207210 | Zig:16   | Entered level 16 of a ziggurat
207260 | Zig:16   | Got a shimmering turquoise ring
207273 | Zig:16   | Got a steaming pewter amulet
207276 | Zig:16   | Got a pitted silver ring
207277 | Zig:16   | Identified the ring "Lifask" (You found it on level 16 of a ziggurat)
207278 | Zig:16   | Identified the amulet "Ejirojo" (You found it on level 16 of a ziggurat)
207279 | Zig:16   | Identified the ring of Ghusyade (You found it on level 16 of a ziggurat)
207292 | Zig:17   | Entered level 17 of a ziggurat
207384 | Zig:17   | Got a warped ivory ring
207391 | Zig:17   | Got a crude brass ring
207394 | Zig:17   | Identified the ring of Janun (You found it on level 17 of a ziggurat)
207394 | Zig:17   | Identified the ring "Votaic" (You found it on level 17 of a ziggurat)
207406 | Zig:18   | Entered level 18 of a ziggurat
207428 | Zig:18   | Noticed an ancient lich
207429 | Zig:18   | Noticed an ancient lich
207429 | Zig:18   | Received a gift from Sif Muna
207432 | Zig:18   | Defeated an ancient lich
207434 | Zig:18   | Noticed an ancient lich
207447 | Zig:18   | Defeated an ancient lich
207448 | Zig:18   | Noticed an ancient lich
207449 | Zig:18   | Defeated an ancient lich
207456 | Zig:18   | Defeated an ancient lich
207533 | Zig:18   | Got a slimy crystal amulet
207539 | Zig:18   | Got a twitching amber ring
207580 | Zig:19   | Entered level 19 of a ziggurat
207709 | Zig:19   | Got a warped steel ring
207713 | Zig:19   | Got a flickering graven amulet
207718 | Zig:19   | Identified the amulet "Mnilaton" (You found it on level 18 of a ziggurat)
207719 | Zig:19   | Identified the ring of Iveple (You found it on level 18 of a ziggurat)
207720 | Zig:19   | Identified the ring "Ghouceonn" (You found it on level 19 of a ziggurat)
207721 | Zig:19   | Identified the amulet of Ofuon (You found it on level 19 of a ziggurat)
207758 | Zig:20   | Entered level 20 of a ziggurat
208060 | Zig:21   | Entered level 21 of a ziggurat
208106 | Zig:21   | Received a gift from Sif Muna
208121 | Zig:21   | Got a black book {god gift}
208122 | Zig:21   | Identified Sif Muna's Compendium of Quantum Arcane Weapons {god gift} (Sif Muna gifted it to you on level 21 of a ziggurat)
208147 | Zig:21   | Got a glittering golden ring
208426 | Zig:22   | Entered level 22 of a ziggurat
208499 | Zig:22   | Reached skill 10 in Stealth
208541 | Zig:22   | Got a brightly glowing executioner's axe
208542 | Zig:22   | Identified the executioner's axe of Dischord {flame, +Rage +Inv +Lev rPois EV+1 SInv} (You took it off a red devil on level 22 of a ziggurat)
208586 | Zig:22   | Got a blood-stained necklace
208598 | Zig:22   | Got a twitching lead ring
208617 | Zig:23   | Entered level 23 of a ziggurat
208724 | Zig:23   | Received a gift from Sif Muna
208725 | Zig:23   | Got a droning book {god gift}
208726 | Zig:23   | Identified Sif Muna's Book of Ignition and Transformation {god gift} (Sif Muna gifted it to you on level 23 of a ziggurat)
208767 | Zig:23   | Got a steaming silver ring
208771 | Zig:23   | Got a heavily runed glass ring
208784 | Zig:24   | Entered level 24 of a ziggurat
208965 | Zig:25   | Entered level 25 of a ziggurat
209060 | Zig:25   | Received a gift from Sif Muna
209115 | Zig:25   | Got a smoking lapis lazuli ring
209124 | Zig:25   | Got a crude helmet
209135 | Zig:25   | Identified the +6 helmet of Arruaru (You found it on level 25 of a ziggurat)
209521 | Zig:26   | Entered level 26 of a ziggurat
209723 | Zig:26   | Got a shimmering storm dragon armour
209743 | Zig:26   | here goes...
209744 | Zig:27   | Entered level 27 of a ziggurat
209917 | Zig:27   | Got a smoking jade ring
209932 | Zig:27   | Got a shimmering silver ring
210155 | Lair:2   | Gained mutation: Your body is slowly deteriorating.
210163 | Lair:2   | Identified the cursed -4 storm dragon armour of Music (You found it on level 26 of a ziggurat)
211774 | Lair:2   | Lost mutation: Your body is slowly deteriorating.
211774 | Lair:2   | Lost mutation: You are weak (Str -1).
212130 | Zot:4    | Received a gift from Sif Muna
212298 | Zot:5    | Got the Orb of Zot
212543 | D:21     | Noticed Eqeruynu the pandemonium lord
212694 | D:12     | Noticed Noar the pandemonium lord
212884 | D:$      | Escaped with the Orb!
